 Dungeon Crawl Stone Soup version 0.21.1-1-g345015fe64 (webtiles) character file.

4951 Rrauwl the Nimble (level 10, -2/79 HPs)
             Began as a Gnoll Gladiator on Feb 12, 2018.
             Was a Follower of Nemelex Xobeh.
             Slain by a hellwing (6 damage)
             ... on level 8 of the Dungeon.
             The game lasted 00:24:27 (7772 turns).

Rrauwl the Nimble (Gnoll Gladiator)                 Turns: 7772, Time: 00:24:28

Health: -2/79      AC: 10    Str: 21    XL:     10   Next: 52%
Magic:  17/17      EV: 15    Int: 12    God:    Nemelex Xobeh [*.....]
Gold:   409        SH:  0    Dex: 16    Spells: 19/19 levels left

rFire    . . .     SeeInvis .   d - +3 falchion
rCold    . . .     Gourm    .   (no shield)
rNeg     . . .     Faith    .   z - +0 scale mail of the Manifold Mice {MR++ Str+2} (curse)
rPois    .         Spirit   .   (helmet restricted)
rElec    .         Reflect  .   r - +0 cloak
rCorr    .         Harm     .   (no gloves)
MR       ++...                  (no boots)
Stlth    +++.......             y - amulet of regeneration
HPRegen  0.63/turn              i - ring of stealth
MPRegen  0.15/turn              (no ring)

@: about to teleport
A: distributed training, fangs 1, horns 1, slimy green scales 1, strong nose
a: Renounce Religion


You were on level 8 of the Dungeon.
You worshipped Nemelex Xobeh.
Nemelex Xobeh was aware of your devotion.
You were not hungry.

You visited 2 branches of the dungeon, and saw 9 of its levels.
You also visited: Ossuary.

You collected 409 gold pieces.

Inventory:

Hand Weapons
 a - a +1 scimitar of holy wrath
 c - a +2 quarterstaff of chaos
 d - a +3 falchion (weapon)
Missiles
 g - 3 throwing nets (quivered)
 h - 146 arrows
Armour
 q - a +0 helmet
 r - a +0 cloak (worn)
 z - the cursed +0 scale mail of the Manifold Mice (worn) {MR++ Str+2}
   (You found it on level 5 of the Dungeon)

   It affects your strength (+2).
   It affects your resistance to hostile enchantments.
   It has a curse placed upon it.
Jewellery
 i - a ring of stealth (left hand)
 k - an uncursed ring of ice
 s - an uncursed amulet of guardian spirit {unknown}
 x - an uncursed amulet of faith {unknown}
 y - an amulet of regeneration (around neck)
Wands
 m - a wand of flame (16)
 u - a wand of acid (3)
Scrolls
 b - 3 scrolls of fear
 j - 4 scrolls of enchant weapon
 l - 2 scrolls of remove curse
 o - 2 scrolls of amnesia
 p - a scroll of magic mapping
 v - a scroll of fog
 A - 2 scrolls of teleportation
Potions
 n - a potion of mutation
Books
 w - a book of Frost

   Spells                             Type                      Level
   a - Freeze                         Ice                          1
   b - Throw Frost                    Conjuration/Ice              2
   c - Ozocubu's Armour               Charms/Ice                   3
   d - Throw Icicle                   Conjuration/Ice              4
   e - Summon Ice Beast               Ice/Summoning                4
Miscellaneous
 f - a plain deck of summoning
Comestibles
 e - 6 rations


   Skills:
 + Level 7.1 Fighting
 + Level 5.2 Short Blades
 + Level 8.5 Long Blades
 + Level 5.2 Axes
 + Level 5.2 Maces & Flails
 + Level 5.2 Polearms
 + Level 5.2 Staves
 + Level 5.2 Slings
 + Level 5.2 Bows
 + Level 5.2 Crossbows
 + Level 7.1 Throwing
 + Level 5.2 Armour
 + Level 8.5 Dodging
 + Level 5.2 Stealth
 + Level 5.2 Shields
 + Level 5.2 Unarmed Combat
 + Level 5.2 Spellcasting
 + Level 4.3 Conjurations
 + Level 4.3 Hexes
 + Level 4.3 Charms
 + Level 4.3 Summonings
 + Level 4.3 Necromancy
 + Level 4.3 Translocations
 + Level 4.3 Transmutations
 + Level 4.3 Fire Magic
 + Level 4.3 Ice Magic
 + Level 4.3 Air Magic
 + Level 4.3 Earth Magic
 + Level 4.3 Poison Magic
 + Level 5.8 Invocations
 + Level 5.2 Evocations


You had 19 spell levels left.
You didn't know any spells.

Dungeon Overview and Level Annotations

Branches:
Dungeon (8/15)             Temple (1/1) D:5
   Lair: D:8-11

Altars:
Ashenzari
Cheibriados
Dithmenos
Elyvilon
Fedhas
Gozag
Kikubaaqudgha
Makhleb
Nemelex Xobeh
Okawaru
Qazlal
Ru
Sif Muna
Trog
Uskayaw
Vehumet
Wu Jian
Xom
Yredelemnul
Zin
The Shining One

Annotations:
D:3 Grinder


Innate Abilities, Weirdness & Mutations

Your experience applies equally to all skills.
You have very sharp teeth.
Your uncanny sense of smell can sniff out nearby items.
You have a pair of small horns on your head.
You are partially covered in slimy green scales. (AC +2)


Message History

The hellwing is moderately wounded.
The centaur warrior skeleton hits you but does no damage.
You barely miss the hellwing.
The hellwing is moderately wounded.
The hellwing barely misses you.
You riposte.
You hit the hellwing but do no damage. Your bite misses the hellwing.
The hellwing is moderately wounded.
The hellwing completely misses you.
The centaur warrior skeleton hits you but does no damage.
The shadow imp shouts, "Go and return not, thou fawning ditch-delivered wormtrail!"
You hit the hellwing but do no damage. You headbutt the hellwing!
You bite the hellwing, but do no damage.
The hellwing is heavily wounded.
The centaur warrior skeleton hits you.
* * * LOW HITPOINT WARNING * * *
The hellwing hits you.
* * * LOW HITPOINT WARNING * * *
The hellwing hits you.
You die...
Your body disappears without a glow.

# .###
∆.[..#
######ZZ.#..
#.@Z55Y4Z...
#4####8Z5.P.
#)# .....
..o..>..#
8..5
##...####
8.. ##. %. #
∩


You could see 2 hellwings, an ice beast, 3 shadow imps, 3 wolf spider zombies, a
centaur warrior zombie and a centaur warrior skeleton.

Vanquished Creatures
  An unseen horror (D:7)
  Pikel (D:8)
  Prince Ribbit (D:5)
  2 hippogriffs
  Sigmund (D:6)
  An orc warrior (D:6)
  2 sky beasts (D:6)
  4 ice beasts
  A phantom (D:7)
  5 ogres
  A centaur (D:6)
  A bullfrog (D:7)
  Blork the orc (D:5)
  2 elf zombies (Ossuary)
  3 scorpions
  2 howler monkeys
  A crimson imp (D:4)
  2 centaur zombies (Ossuary)
  2 jellies
  12 orc wizards
  Crazy Yiuf (D:4)
  4 human zombies (Ossuary)
  3 orc priests
  3 hounds
  A bullfrog skeleton (D:7)
  Jessica (D:3)
  A centaur skeleton (D:5)
  Ijyb (D:4)
  Natasha (twice) (D:2)
  An iguana (D:7)
  4 worker ants
  A killer bee zombie (D:7)
  4 hound zombies (Ossuary)
  A hound skeleton (D:7)
  3 mummies (Ossuary)
  4 gnolls
  11 adders
  A river rat (D:5)
  2 shadow imps (D:7)
  2 oozes
  An adder skeleton (D:6)
  7 adder zombies
  4 worms
  A dart slug (D:4)
  3 leopard geckos
  23 orcs
  2 giant cockroaches (D:3)
  A gnoll zombie (Ossuary)
  9 hobgoblins
  2 jackals (D:4)
  3 kobolds
  4 quokkas
  2 ball pythons
  4 bats
  8 frilled lizards
  5 goblins
  4 goblin zombies (Ossuary)
  6 jackal zombies
  4 kobold zombies (Ossuary)
  A leopard gecko skeleton (D:6)
  An orc zombie (Ossuary)
  6 quokka zombies
  7 rats
  4 rat zombies (Ossuary)
209 creatures vanquished.

Vanquished Creatures (others)
  4 slaves (D:8)
  A hound (D:8)
  A leopard gecko (D:8)
  A quokka (D:6)
  2 withered plants (D:8)
9 creatures vanquished.

Grand Total: 218 creatures vanquished

Notes
Turn   | Place    | Note
-------+----------+-------------------------------------------
     0 | D:1      | Rrauwl the Gnoll Gladiator began the quest for the Orb.
     0 | D:1      | Reached XP level 1. HP: 20/20 MP: 1/1
    81 | D:1      | Reached XP level 2. HP: 24/26 MP: 2/2
   677 | D:2      | Reached XP level 3. HP: 31/31 MP: 3/3
   703 | D:2      | Noticed Natasha
   712 | D:2      | Killed Natasha
   712 | D:2      | Reached skill level 1 in Short Blades
   712 | D:2      | Reached skill level 1 in Axes
   712 | D:2      | Reached skill level 1 in Maces & Flails
   712 | D:2      | Reached skill level 1 in Polearms
   712 | D:2      | Reached skill level 1 in Staves
   712 | D:2      | Reached skill level 1 in Slings
   712 | D:2      | Reached skill level 1 in Bows
   712 | D:2      | Reached skill level 1 in Crossbows
   712 | D:2      | Reached skill level 1 in Armour
   712 | D:2      | Reached skill level 1 in Stealth
   712 | D:2      | Reached skill level 1 in Shields
   712 | D:2      | Reached skill level 1 in Unarmed Combat
   712 | D:2      | Reached skill level 1 in Spellcasting
   712 | D:2      | Reached skill level 1 in Invocations
   712 | D:2      | Reached skill level 1 in Evocations
   712 | D:2      | Reached XP level 4. HP: 35/38 MP: 3/5
  1009 | D:2      | Noticed Natasha
  1025 | D:2      | Killed Natasha
  1025 | D:2      | Reached skill level 1 in Conjurations
  1025 | D:2      | Reached skill level 1 in Hexes
  1025 | D:2      | Reached skill level 1 in Charms
  1025 | D:2      | Reached skill level 1 in Summonings
  1025 | D:2      | Reached skill level 1 in Necromancy
  1025 | D:2      | Reached skill level 1 in Translocations
  1025 | D:2      | Reached skill level 1 in Transmutations
  1025 | D:2      | Reached skill level 1 in Fire Magic
  1025 | D:2      | Reached skill level 1 in Ice Magic
  1025 | D:2      | Reached skill level 1 in Air Magic
  1025 | D:2      | Reached skill level 1 in Earth Magic
  1025 | D:2      | Reached skill level 1 in Poison Magic
  1288 | D:2      | Reached XP level 5. HP: 36/43 MP: 6/6
  1454 | D:3      | HP: 2/43 [poisoned by kobold (curare-tipped needle)]
  1462 | D:3      | HP: 1/43 [poisoned by kobold (curare-tipped needle)]
  1817 | D:3      | Noticed Grinder
  1830 | D:3      | Noticed Jessica
  1832 | D:3      | Killed Jessica
  1832 | D:3      | Reached XP level 6. HP: 26/50 MP: 8/8
  2415 | D:3      | Reached skill level 5 in Fighting
  2415 | D:3      | Reached skill level 5 in Throwing
  2643 | D:4      | Reached XP level 7. HP: 46/56 MP: 10/10
  3031 | D:4      | Found a sand-covered staircase.
  3040 | Ossuary  | Entered an ossuary
  3340 | Ossuary  | Reached XP level 8. HP: 47/63 MP: 12/12
  3846 | D:4      | Found a stormy altar of Qazlal.
  4036 | D:4      | Noticed Ijyb
  4051 | D:4      | Killed Ijyb
  4294 | D:4      | Found a runed door.
  4298 | D:4      | Noticed Crazy Yiuf
  4302 | D:4      | Killed Crazy Yiuf
  4520 | D:5      | Entered Level 5 of the Dungeon
  4532 | D:5      | Noticed Prince Ribbit
  4569 | D:5      | Killed Prince Ribbit
  4583 | D:5      | Noticed Blork the orc
  4593 | D:5      | Killed Blork the orc
  4929 | D:5      | Noticed a hippogriff
  4932 | D:5      | Killed a hippogriff
  4932 | D:5      | Reached XP level 9. HP: 46/69 MP: 14/14
  4985 | D:5      | Got a scorched scale mail
  4996 | D:5      | Identified the cursed +0 scale mail of the Manifold Mice {MR++ Str+2} (You found it on level 5 of the Dungeon)
  5165 | D:5      | Found a glowing drain.
  5257 | D:5      | Found a staircase to the Ecumenical Temple.
  5263 | Temple   | Entered the Ecumenical Temple
  5400 | Temple   | Became a worshipper of Nemelex Xobeh the Trickster
  5490 | D:6      | Received a gift from Nemelex Xobeh
  5770 | D:6      | Found a white marble altar of Elyvilon.
  5819 | D:6      | Noticed Sigmund
  5834 | D:6      | Killed Sigmund
  6401 | D:6      | Reached * piety under Nemelex Xobeh
  6406 | D:6      | Found a blossoming altar of Fedhas.
  6406 | D:6      | Found a burning altar of Makhleb.
  6497 | D:6      | Found an iron altar of Okawaru.
  6664 | D:7      | Reached skill level 5 in Invocations
  6895 | D:7      | Reached XP level 10. HP: 77/77 MP: 15/17
  7407 | D:7      | Gained mutation: You have a pair of small horns on your head. [potion of mutation]
  7407 | D:7      | Gained mutation: You are partially covered in slimy green scales. (AC +2) [potion of mutation]
  7425 | D:7      | Killed an unseen horror
  7425 | D:7      | Reached skill level 5 in Short Blades
  7425 | D:7      | Reached skill level 5 in Axes
  7425 | D:7      | Reached skill level 5 in Maces & Flails
  7425 | D:7      | Reached skill level 5 in Polearms
  7425 | D:7      | Reached skill level 5 in Staves
  7425 | D:7      | Reached skill level 5 in Slings
  7425 | D:7      | Reached skill level 5 in Bows
  7425 | D:7      | Reached skill level 5 in Crossbows
  7425 | D:7      | Reached skill level 5 in Armour
  7425 | D:7      | Reached skill level 5 in Stealth
  7425 | D:7      | Reached skill level 5 in Shields
  7425 | D:7      | Reached skill level 5 in Unarmed Combat
  7425 | D:7      | Reached skill level 5 in Spellcasting
  7425 | D:7      | Reached skill level 5 in Evocations
  7718 | D:8      | Noticed Pikel
  7734 | D:8      | Killed Pikel
  7772 | D:8      | Slain by a hellwing

Skill      XL: |  1  2  3  4  5  6  7  8  9 10 |
---------------+-------------------------------+-----
Short Blades   | 1 2 3 4 5 |  5.2
Axes           | 1 2 3 4 5 |  5.2
Maces & Flails | 1 2 3 4 5 |  5.2
Polearms       | 1 2 3 4 5 |  5.2
Staves         | 1 2 3 4 5 |  5.2
Slings         | 1 2 3 4 5 |  5.2
Bows           | 1 2 3 4 5 |  5.2
Crossbows      | 1 2 3 4 5 |  5.2
Armour         | 1 2 3 4 5 |  5.2
Stealth        | 1 2 3 4 5 |  5.2
Shields        | 1 2 3 4 5 |  5.2
Unarmed Combat | 1 2 3 4 5 |  5.2
Spellcasting   | 1 2 3 4 5 |  5.2
Invocations    | 1 2 3 4 5 |  5.8
Evocations     | 1 2 3 4 5 |  5.2
Conjurations   | 1 2 3 4 |  4.3
Hexes          | 1 2 3 4 |  4.3
Charms         | 1 2 3 4 |  4.3
Summonings     | 1 2 3 4 |  4.3
Necromancy     | 1 2 3 4 |  4.3
Translocations | 1 2 3 4 |  4.3
Transmutations | 1 2 3 4 |  4.3
Fire Magic     | 1 2 3 4 |  4.3
Ice Magic      | 1 2 3 4 |  4.3
Air Magic      | 1 2 3 4 |  4.3
Earth Magic    | 1 2 3 4 |  4.3
Poison Magic   | 1 2 3 4 |  4.3
Fighting       | 5 6 7 |  7.1
Throwing       | 5 6 7 |  7.1
Long Blades    | 7 8 |  8.5
Dodging        | 7 8 |  8.5

Action                   |  1- 3 |  4- 6 |  7- 9 | 10-12 || total
-------------------------+-------+-------+-------+-------++-------
Melee: Long sword        |    53 |   165 |   219 |       ||   437
       Bite              |     4 |    19 |    98 |    28 ||   149
       Punch             |       |     2 |    12 |     7 ||    21
       Scimitar          |       |       |   166 |       ||   166
       Quarterstaff      |       |       |    25 |       ||    25
       Falchion          |       |       |    25 |   149 ||   174
       Headbutt          |       |       |       |    25 ||    25
Evoke: Wand              |       |       |     8 |       ||     8
  Use: Scroll            |     2 |     5 |     6 |     3 ||    16
       Potion            |     2 |     4 |     8 |     1 ||    15
 Stab: Sleeping          |       |       |     4 |       ||     4
  Eat: Chunk             |       |     6 |     5 |     2 ||    13
       Ration            |       |       |     3 |       ||     3
Armor: Chain mail        |    23 |    76 |   104 |       ||   203
       Scale mail        |       |       |    63 |    58 ||   121
Dodge: Dodged            |    23 |    72 |   230 |    93 ||   418
       Rpst.: Long sword |     9 |    29 |    29 |       ||    67
       Scimitar          |       |       |    25 |       ||    25
       Falchion          |       |       |     3 |    21 ||    24
